 Dungeon Crawl Stone Soup version 0.20.0-10-g0535bb4 (webtiles) character file.

497 Naow the Cudgeler (level 6, -1/47 HPs)
             Began as a Demonspawn Monk on June 7, 2017.
             Killed from afar by Dowan (12 damage)
             ... with a stone arrow
             ... on level 5 of the Dungeon.
             The game lasted 00:08:41 (6880 turns).

Naow the Cudgeler (Demonspawn Monk)                 Turns: 6880, Time: 00:08:42

Health: -1/47      AC: 10    Str: 18    XL:     6   Next: 93%
Magic:  6/6        EV: 14    Int: 11    God:
Gold:   118        SH:  0    Dex: 20    Spells: 5/5 levels left

rFire    . . .     SeeInvis .   a - +0 mace
rCold    . . .     Gourm    .   (no shield)
rNeg     . . .     Faith    .   A - +0 chain mail
rPois    .         Spirit   .   (no helmet)
rElec    .         Reflect  .   z - +0 cloak
rCorr    .         Harm     .   d - +0 pair of gloves
MR       +....                  (no boots)
Stlth    ..........             (no amulet)
Regen    0.2/turn               h - +4 ring of strength
MPRegen  0.1/turn               x - ring of protection from magic

@: agile, very slightly contaminated
A: sturdy frame 1
a: no special abilities


You were on level 5 of the Dungeon.
You were hungry.

You visited 1 branch of the dungeon, and saw 6 of its levels.

You collected 118 gold pieces.

Inventory:

Hand Weapons
 a - a +0 mace (weapon)
Armour
 b - a +0 robe
 d - a +0 pair of gloves (worn)
 z - a +0 cloak (worn)
 A - a +0 chain mail (worn)
Jewellery
 h - a +4 ring of strength (left hand)
 x - a ring of protection from magic (right hand)
Scrolls
 e - 5 scrolls of remove curse {unknown}
 i - 5 scrolls of identify {unknown}
 j - a scroll of amnesia {unknown}
 l - 3 scrolls of enchant weapon {unknown}
 r - 4 scrolls of teleportation {unknown}
 t - a scroll of blinking {unknown}
 v - a scroll of enchant armour {unknown}
 y - a scroll of fear {unknown}
Potions
 f - 2 potions of resistance {unknown}
 m - 2 potions of heal wounds {unknown}
 p - a potion of curing {unknown}
 q - a potion of lignification {unknown}
 u - a potion of might {unknown}
Books
 o - a book of Minor Magic

   Spells                             Type                      Level
   a - Magic Dart                     Conjuration                  1
   b - Blink                          Translocation                2
   c - Call Imp                       Summoning                    2
   d - Slow                           Hexes                        2
   e - Conjure Flame                  Conjuration/Fire             3
   f - Mephitic Cloud                 Conjuration/Poison/Air       3
Comestibles
 c - 2 bread rations
 g - 4 fruits
 k - a royal jelly
 w - a meat ration
 B - a chunk of flesh


   Skills:
 - Level 3.0 Fighting
 + Level 7.2 Maces & Flails
 - Level 2.6 Dodging
 - Level 1.7 Stealth


You had 5 spell levels left.
You didn't know any spells.

Dungeon Overview and Level Annotations

Branches:
Dungeon (6/15)
 Temple: D:4-7

Altars:
Cheibriados
Dithmenos
Kikubaaqudgha
Vehumet

Shops:
D:5 (

Annotations:
D:5 Dowan


Innate Abilities, Weirdness & Mutations

Your movements are slightly less encumbered by armour. (ER -2)


Message History

Found a bread ration.
Dowan breathes, "And she was my only..."
Found Rinwodeh's Antique Weapon Shoppe.
You feel agile all of a sudden.
Dowan casts a spell.
Dowan blinks!
You sock Dowan!
Dowan is moderately wounded.
Dowan hits you but does no damage. x2
You barely miss Dowan.
Dowan is moderately wounded.
Dowan misses you.
Your chain mail prevents you from hitting Dowan.
Dowan is moderately wounded.
Dowan closely misses you. Dowan barely misses you.
You barely miss Dowan.
Dowan is moderately wounded.
Dowan points at you and mumbles some strange words.
The stone arrow hits you!
You die...

∩.#
#.#.##
#.# .⌠#
#.#. #.#
#.# #>#.
#.# #.#
#.# #.#
#%# #.#
#.# #.#
#e# #.#
#.# #.#
#.#
#.####.#
#.@e...#
########


You could see Dowan.

Vanquished Creatures
  Duvessa (D:5)
  A hound (D:3)
  Crazy Yiuf (D:4)
  2 iguanas (D:4)
  A worker ant (D:3)
  A hound zombie (D:5)
  4 gnolls
  8 adders
  A shadow imp (D:4)
  An ooze (D:2)
  An adder skeleton (D:4)
  4 worms
  2 dart slugs
  4 leopard geckos
  5 orcs
  2 ball pythons (D:2)
  8 bats
  3 bat zombies (D:2)
  4 giant cockroaches
  8 goblins
  10 hobgoblins
  11 jackals
  2 quokkas (D:3)
  6 frilled lizards
  8 kobolds
  A leopard gecko skeleton (D:4)
  A quokka zombie (D:5)
  9 rats
  3 rat zombies (D:2)
113 creatures vanquished.

Notes
Turn   | Place    | Note
-------+----------+-------------------------------------------
     0 | D:1      | Naow the Demonspawn Monk began the quest for the Orb.
     0 | D:1      | Reached XP level 1. HP: 18/18 MP: 1/1
   169 | D:1      | Reached skill level 3 in Maces & Flails
   253 | D:1      | Gained mutation: Your movements are slightly less encumbered by armour. (ER -2) [demonic ancestry]
   253 | D:1      | Reached XP level 2. HP: 24/24 MP: 2/2
  1116 | D:1      | Reached XP level 3. HP: 29/29 MP: 3/3
  1729 | D:2      | Found a snail-covered altar of Cheibriados.
  1742 | D:2      | Reached skill level 4 in Maces & Flails
  2162 | D:2      | Found an ancient bone altar of Kikubaaqudgha.
  2326 | D:2      | Reached XP level 4. HP: 15/35 MP: 4/4
  3149 | D:3      | Reached skill level 5 in Maces & Flails
  3287 | D:3      | Reached XP level 5. HP: 35/41 MP: 5/5
  4569 | D:4      | Noticed an ogre
  4939 | D:4      | Reached skill level 6 in Maces & Flails
  5254 | D:4      | Reached XP level 6. HP: 12/47 MP: 6/6
  5865 | D:4      | Found a runed door.
  6281 | D:4      | Noticed Crazy Yiuf
  6289 | D:4      | Killed Crazy Yiuf
  6470 | D:5      | Entered Level 5 of the Dungeon
  6748 | D:5      | Found a radiant altar of Vehumet.
  6748 | D:5      | Found a shadowy altar of Dithmenos.
  6782 | D:5      | Noticed Duvessa
  6783 | D:5      | Noticed Dowan
  6837 | D:5      | Killed Duvessa
  6837 | D:5      | Reached skill level 7 in Maces & Flails
  6874 | D:5      | Found Rinwodeh's Antique Weapon Shoppe.
  6880 | D:5      | Killed from afar by Dowan

Skill      XL: |  1  2  3  4  5  6 |
---------------+-------------------+-----
Maces & Flails | 3 4 5 6 7 |  7.2
Fighting       | |  3.0
Dodging        | |  2.6
Stealth        | |  1.7

Action                   |  1- 3 |  4- 6 || total
-------------------------+-------+-------++-------
Melee: Mace              |   188 |   286 ||   474
  Use: Potion            |       |     2 ||     2
 Stab: Sleeping          |     5 |     3 ||     8
       Distracted        |       |     2 ||     2
  Eat: Chunk             |     5 |    13 ||    18
       Fruit             |       |     1 ||     1
Armor: Robe              |    50 |    27 ||    77
       Chain mail        |       |    35 ||    35
Dodge: Dodged            |   201 |   179 ||   380
